 Dungeon Crawl Stone Soup version 0.30-a0-879-ga8ba668304 (webtiles) character file.

Game seed: 12221990593382073070

1248 M4edhros the Insei (level 8, -1/56 HPs)
             Began as an Octopode Artificer on Mar 14, 2023.
             Was a Priest of Cheibriados.
             Slain by an ice beast (10 damage)
             ... on level 7 of the Dungeon.
             The game lasted 00:09:02 (2821 turns).

M4edhros the Insei (Octopode Artificer)             Turns: 2821, Time: 00:09:03

Health: -1/56      AC:  1    Str: 16    XL:     8   Next: 50%
Magic:  8/8        EV: 18    Int: 20    God:    Cheibriados [***...]
Gold:   265        SH:  0    Dex: 28    Spells: 4/7 levels left

rFire   . . .      SeeInvis .    q - +1 flail (protect)
rCold   . . .      Faith    .    (no shield)
rNeg    . . .      Spirit   .    (helmet restricted)
rPois   .          Reflect  .    (no amulet)
rElec   .          Rampage  .    g - +6 ring of dexterity
rCorr   .                        (no ring)
Will    .....                    (no ring)
Stlth   ++++                     (no ring)
HPRegen 0.29/turn                (no ring)
MPRegen 0.11/turn                (no ring)
                                 (no ring)
                                 (no ring)

@: very slow
A: almost no armour, amphibious, 8 rings, camouflage 1, gelatinous body 1,
(nimble swimmer 1), tentacles, tentacle spike 2, weak 1
a: Renounce Religion, Bend Time, Temporal Distortion


You were on level 7 of the Dungeon.
You worshipped Cheibriados.
Cheibriados was most pleased with you.
You visited 2 branches of the dungeon, and saw 8 of its levels.

You collected 265 gold pieces.

Inventory:

Hand Weapons
 q - a +1 flail of protection (weapon)
Missiles
 k - 2 throwing nets
 l - 10 poisoned darts
 v - 9 javelins
Jewellery
 g - a +6 ring of dexterity (left tentacle)
Wands
 b - a wand of flame (28) (quivered)
 c - a wand of charming (6)
 d - a wand of iceblast (2)
Scrolls
 e - 3 scrolls of immolation
 i - a scroll of acquirement
 j - 2 scrolls of brand weapon
 m - 2 scrolls of torment
 p - 2 scrolls of teleportation
 u - 2 scrolls of fear
Potions
 a - a potion of attraction


   Skills:
 + Level 5.5 Fighting
 + Level 5.9 Dodging
 - Level 1.3 Stealth
 * Level 6.0 Unarmed Combat
 - Level 3.2 Evocations


You had 4 spell levels left.
You knew the following spells:

 Your Spells              Type           Power      Damage    Failure   Level
a - Call Canine Familiar  Summ           0%         N/A       50%         3

Your spell library contained the following spells:

 Spells                   Type           Power      Damage    Failure   Level
 Magic Dart               Conj           0%         1d3       19%         1
 Searing Ray              Conj           0%         2d4       28%         2
 Portal Projectile        Hex/Tloc       0%         N/A       50%         3
 Fulminant Prism          Conj/Hex       0%         3d5       88%         4
 Leda's Liquefaction      Hex/Erth       0%         N/A       88%         4


Dungeon Overview and Level Annotations

Branches:
Dungeon (7/15)             Temple (1/1) D:5

Altars:
Cheibriados
Dithmenos
Elyvilon
Fedhas
Gozag
Kikubaaqudgha
Makhleb
Okawaru
Qazlal
Trog
Uskayaw
Vehumet
Wu Jian
Xom
Yredelemnul
Zin
The Shining One

Shops:
D:4 *

Annotations:
D:7 Menkaure, Pikel


Innate Abilities, Weirdness & Mutations

You cannot wear most types of armour.
You are amphibious.
You can wear up to eight rings at the same time.
Your skin changes colour to match your surroundings (Stealth+).
Your rubbery body absorbs attacks. (AC +1, EV +1)
((You are camouflaged when in or above water. (Stealth+)))
You have tentacles for arms and can constrict up to eight enemies at once.
One of your tentacles bears a nasty spike.
You are weak. (Str -2)


Message History

Your Unarmed Combat skill increases to level 6!
You barely miss the lemure. You grab the lemure. You squeeze the lemure.
The lemure is lightly wounded.
You constrict the lemure, but do no damage.
The lemure barely misses you.
You hit the lemure.
You pierce the lemure.
The lemure is moderately wounded.
You constrict the lemure. The lemure barely misses you. x2
You hit the lemure but do no damage.
You pierce the lemure, but do no damage.
The lemure is heavily wounded.
You constrict the lemure. The lemure completely misses you.
You hit the lemure.
The lemure is severely wounded.
You constrict the lemure. The lemure hits you.
You thump the lemure!
You kill the lemure!
That felt strangely unrewarding.
An ice beast comes into view.
Menkaure, Prince of Dust comes into view.
Aiming: Charm
Press: ? - help, Shift-Dir - straight line, f - ice beast
Aim: an ice beast (chance to affect: 57%)
The ice beast resists with significant effort.
Menkaure rustles drily.
Menkaure calls on the powers of darkness!
The ice beast convulses!
Your body is wracked with pain!
You hear a shout!
Okay, then.
Aiming: Charm
Press: ? - help, Shift-Dir - straight line, f/p - ice beast
Aim: an ice beast (heavily wounded, chance to affect: 57%)
The ice beast resists with significant effort.
Menkaure calls on the powers of darkness!
The ice beast convulses!
Your body is wracked with pain!
* * * LOW HITPOINT WARNING * * *
The ice beast hits you.
* * * LOW HITPOINT WARNING * * *
The ice beast freezes you!
You die...

..#
#...<#.#.#
..#
######.#.#
M.. #.# #.#
#.# #.# #.#
#.#
#########.#
#.#
#.........#
#Y#
#.#########
#@# #.#
#.###.#
#.....#
#######


You could see an ice beast and Menkaure.

Vanquished Creatures
  The ghost of BROtania the Chopper, an amateur MiBe of Trog (D:5)
  A water moccasin (D:6)
  A black bear (D:6)
  2 lemures (D:7)
  A phantom (D:7)
  A bullfrog (D:6)
  A kobold brigand (D:6)
  A scorpion (D:6)
  5 wights (D:6)
  A howler monkey (D:6)
  A quasit (D:5)
  A hound (D:5)
  3 iguanas
  Ijyb (D:2)
  A sleepcap (D:5)
  A gnoll (D:4)
  4 adders
  An adder zombie (D:3)
  2 dart slugs
  10 orcs
  4 ball pythons
  7 bats
  5 endoplasms
  5 giant cockroaches
  6 hobgoblins
  6 jackals
  2 quokkas
  3 frilled lizards
  A giant cockroach zombie (D:3)
  9 goblins
  6 kobolds
  9 rats
103 creatures vanquished.

Vanquished Creatures (others)
  3 quasits (D:5)
  An orc (D:3)
  2 withered plants (D:3)
6 creatures vanquished.

Grand Total: 109 creatures vanquished

Notes
Turn   | Place    | Note
-------+----------+-------------------------------------------
     0 | D:1      | M4edhros the Octopode Artificer began the quest for the
                  | Orb.
     0 | D:1      | Reached XP level 1. HP: 13/13 MP: 1/1
     2 | D:1      | You fall into a shaft and drop 1 floor!
   102 | D:3      | Reached XP level 2. HP: 14/18 MP: 2/2
   262 | D:4      | Noticed a bullfrog
   270 | D:4      | Reached XP level 3. HP: 9/24 MP: 3/3
   608 | D:4      | Found Josmadaa's Gadget Gallery.
   927 | D:5      | Entered Level 5 of the Dungeon
   941 | D:5      | Reached XP level 4. HP: 7/30 MP: 4/4
  1177 | D:5      | Reached XP level 5. HP: 17/36 MP: 5/5
  1270 | D:5      | Found a staircase to the Ecumenical Temple.
  1285 | Temple   | Entered the Ecumenical Temple
  1292 | Temple   | Became a worshipper of Cheibriados the Contemplative
  1603 | D:1      | Reached * piety under Cheibriados
  1871 | D:3      | Reached skill level 1 in Unarmed Combat
  1898 | D:3      | Reached ** piety under Cheibriados
  2062 | D:2      | Noticed Ijyb
  2073 | D:2      | Killed Ijyb
  2074 | D:2      | Reached skill level 2 in Unarmed Combat
  2074 | D:2      | Reached XP level 6. HP: 32/43 MP: 6/6
  2204 | D:5      | Found a transporter.
  2206 | D:5      | Noticed BROtania's ghost (amateur MiBe)
  2221 | D:5      | Found a transporter.
  2227 | D:5      | Gained mutation: You are weak. (Str -2) [potion of
                  | mutation]
  2227 | D:5      | Gained mutation: One of your tentacles bears a spike.
                  | [potion of mutation]
  2227 | D:5      | Gained mutation: One of your tentacles bears a nasty spike.
                  | [potion of mutation]
  2299 | D:5      | Killed BROtania's ghost
  2300 | D:5      | Reached skill level 3 in Unarmed Combat
  2300 | D:5      | Reached XP level 7. HP: 16/48 MP: 7/7
  2372 | D:6      | Reached skill level 5 in Dodging
  2372 | D:6      | Reached skill level 4 in Unarmed Combat
  2428 | D:6      | Reached *** piety under Cheibriados
  2445 | D:6      | Reached skill level 5 in Unarmed Combat
  2445 | D:6      | Reached XP level 8. HP: 49/54 MP: 8/8
  2458 | D:6      | Reached skill level 5 in Fighting
  2685 | D:6      | Identified a scroll of acquirement
  2689 | D:6      | Learned a level 3 spell: Call Canine Familiar
  2802 | D:7      | Noticed Pikel
  2812 | D:7      | Reached skill level 6 in Unarmed Combat
  2819 | D:7      | Noticed Menkaure
  2821 | D:7      | Slain by an ice beast

Illustrated notes

Levels and vault maps discovered:
D:1:      minmay_arrival_hallway, layout_basic, serial_curves, eino_curves_03,
          eino_curves_03, eino_curves_04, eino_curves_02, minivault_25,
          minmay_bisected
D:2:      kennysheep_the_goblin_king, layout_loops_ring, minmay_tetromino_o2
D:3:      layout_basic, serial_undead, serial_undead_a, serial_undead_d,
          serial_undead_f, serial_undead_b, serial_undead_b, serial_undead_a,
          serial_undead_b, serial_undead_f, shapermc_ecumenical_altar_ellora,
          uniq_crazy_yiuf_cottage
D:4:      minmay_chambers_of_fours, layout_loops_cross, grunt_ministairs_4,
          nicolae_shop_gadgets
D:5:      kennysheep_windowed_halls, layout_basic, mainiacjoe_overflow_alcove_4,
          temple_statues, gammafunk_ghost_stat_death
D:6:      layout_loops_ring, nicolae_concentric_dashed_squares_wild,
          chequers_serial_rivers_large_b
D:7:      layout_basic, mainiacjoe_overflow_surrounded_room,
          nicolae_ossuary_entry_catacombs, uniq_menkaure, uniq_pikel
Temple:   sentei_temple_godly_chess

Skill      XL: |  1  2  3  4  5  6  7  8 |
---------------+-------------------------+-----
Fighting       | 2 3 4 5 |  5.5
Dodging        | 3 4 5 |  5.9
Unarmed Combat | 2 3 5 6 |  6.0
Stealth        | |  1.3
Evocations     | |  3.2

Action                     |  1- 3 |  4- 6 |  7- 9 || total
---------------------------+-------+-------+-------++-------
  Melee: Unarmed           |    65 |   100 |       ||   165
         Tentacles         |    18 |    35 |    15 ||    68
         Constrict         |    14 |    41 |    17 ||    72
         Punch             |     4 |     4 |     7 ||    15
         Flail             |       |    45 |    57 ||   102
         Kick              |       |     4 |    25 ||    29
  Evoke: Wand              |     6 |     9 |     2 ||    17
    Use: Potion            |       |     8 |       ||     8
         Scroll            |       |       |    11 ||    11
   Stab: Sleeping          |     4 |    10 |     5 ||    19
         Distracted        |       |     1 |       ||     1
         Invisible         |       |     2 |       ||     2
 Armour: Skin              |     3 |    27 |    11 ||    41
  Dodge: Dodged            |    34 |   161 |    56 ||   251

Table legend: (Time is in decaauts)
 A = Elapsed time spent in this place.
 B = Non-inter-level travel time spent in this place.
 C = Inter-level travel time spent in this place.
 D = Time resting spent in this place.
 E = Time spent auto-exploring this place.
 F = Levels seen in this place.
 G = Mean time per level.
                   A        B        C        D        E       F      G
               +--------+--------+--------+--------+--------+-----+--------+
         Total |   3412 |   3127 |    285 |    296 |    692 |   8 |  426.5 |
       Dungeon |   3399 |   3120 |    279 |    296 |    692 |   7 |  485.6 |
        Temple |     13 |      7 |      6 |      0 |      0 |   1 |   13.0 |
               +--------+--------+--------+--------+--------+-----+--------+

Top non-repeatable levels by time:
     D:4: 801 daAuts
     D:5: 650 daAuts
     D:6: 586 daAuts
     D:2: 525 daAuts
     D:1: 429 daAuts
     D:3: 277 daAuts
     D:7: 128 daAuts
  Temple: 13 daAuts
